AoeStats
← PäriS

Nomad

505500983Analyzed
3v3 RM · 22d ago on Sep 9, 2026· 22m 49s· 6 players
Game mode
Random Map
Map size
210×210
Population
200
Speed
Normal
Resources
Standard
Victory
Conquest
Starting age
Dark Age
Ending age
Imperial Age
RankedLock teamsTeams togetherTeam positionsShared explorationLock speedFull tech treeHidden civsTurbo modeCheats
Victory
Defeat
🇩🇪 Portuguese · Germany
667
+11
🇩🇪 Bohemians · Germany
616
+13
🇪🇸 Vikings · Spain
469
+20
🇺🇸 Magyars · United States
602
-17
🇧🇷 Byzantines · Brazil
559
-15
🇵🇪 Japanese · Peru
494
-12
Gracious__Buds
4:56 Loom
17:58 Feudal Age
19:30 Wheelbarrow
18:38 Horse Collar
18:48 Double-Bit Axe
22:35 Castle Age
20:37 Gold Mining
20:39 Stone Mining
20:50 Gold Mining
21:29 Fletching
Diego-NA
9:21 Loom
xd
esekpa
5:18 Loom
16:44 Feudal Age
nhlsm
6:07 Loom
16:25 Feudal Age
16:08 Loom
17:05 Double-Bit Axe
17:23 Horse Collar
22:05 Castle Age
23:17 Wheelbarrow
23:02 Bow Saw
PäriS
Connection lost

Rejoining the realm…

Still unreachable

The connection could not be restored.

Session expired

The server has moved on; the page needs a fresh start.